 Dungeon Crawl Stone Soup version 0.31-a0-844-gdc52ec4e09 (webtiles) character file.

Game seed: 5035054514485192538

86 Kurtz the Chopper (level 4, -3/31 HPs)
             Began as an Octopode Fighter on Oct 1, 2023.
             Frozen to death by an endoplasm (4 damage)
             ... on level 4 of the Dungeon.
             The game lasted 00:01:23 (1737 turns).

Kurtz the Chopper (Octopode Fighter)                Turns: 1737, Time: 00:01:23

Health: -3/31      AC:  1    Str: 14 (15) XL:     4   Next: 50%
Magic:  4/4        EV: 13    Int:  9 (10) God:
Gold:   156        SH:  4    Dex: 11 (13) Spells: 3/3 levels left

rFire   . . .        a - +0 war axe
rCold   . . .        b - +0 buckler
rNeg    . . .        (helmet restricted)
rPois   .            (no amulet)
rElec   .            (no ring)
rCorr   .            (no ring)
SInv    .            (no ring)
Will    .....        (no ring)
Stlth   ++           (no ring)
HPRegen 0.25/turn    (no ring)
MPRegen 0.09/turn    (no ring)
                     (no ring)

%: no passive effects
@: no status effects
A: almost no armour, amphibious, 8 rings, camouflage 1, gelatinous body 1,
(nimble swimmer 1), tentacles
a: no special abilities


You were on level 4 of the Dungeon.
You visited 1 branch of the dungeon, and saw 4 of its levels.

You collected 156 gold pieces.

Inventory:

Hand Weapons
 a - a +0 war axe (weapon)
Missiles
 o - 3 poisoned darts
Armour
 b - a +0 buckler (worn)
Talismans
 r - a beast talisman
Scrolls
 f - 2 scrolls of torment {unknown}
 i - 2 scrolls of teleportation {unknown}
 j - 2 scrolls of identify {unknown}
 k - a scroll of acquirement {unknown}
 m - 2 scrolls of vulnerability {unknown}
 p - a scroll of fog {unknown}
Potions
 c - 2 potions of might
 d - a potion of degeneration
 e - a potion of brilliance {unknown}
 g - a potion of heal wounds {unknown}
 h - a potion of enlightenment {unknown}
 l - 2 potions of resistance {unknown}
 n - 2 potions of attraction {unknown}
 q - a potion of mutation {unknown}


   Skills:
 - Level 3.0 Fighting
 * Level 4.6 Axes
 - Level 3.0 Dodging
 - Level 3.0 Shields


You had 3 spell levels left.
You didn't know any spells.
Your spell library contained the following spells:

 Spells                   Type           Power      Damage    Failure   Level
 Ozocubu's Armour         Ice            0%         N/A       85%         3
 Ozocubu's Refrigeration  Ice            0%         4d7       100%        7


Dungeon Overview and Level Annotations

Branches:
Dungeon (4/15)
 Temple: D:4-7

Altars:
The Shining One

Shops:
D:1 (


Innate Abilities, Weirdness & Mutations

You cannot wear most types of armour.
You are amphibious.
You can wear up to eight rings at the same time.
Your skin changes colour to match your surroundings (Stealth+).
Your rubbery body absorbs attacks. (AC +1, EV +1)
((You are camouflaged when in or above water. (Stealth+)))
You have tentacles for arms and can constrict up to eight enemies at once.


Message History

You slash the dart slug!
You kill the dart slug!
A dart slug comes into view.
There are monsters nearby!
You hit the goblin. Your grab misses the goblin.
Your squeeze misses the goblin.
The goblin is heavily wounded.
The goblin misses you.
An endoplasm comes into view.
The goblin hits you with a +0 club.
There are monsters nearby!
You closely miss the goblin.
The endoplasm quivers.
Your grab misses the goblin.
The goblin is heavily wounded.
You hit the orc. The orc barely misses you. You block the goblin's attack.
You closely miss the goblin. You grab the goblin. You squeeze the goblin.
You kill the goblin!
You slash the orc!
You kill the orc!
There are monsters nearby!
You hit the sleepcap. You grab the sleepcap.
The sleepcap is lightly damaged.
You constrict the sleepcap. The sleepcap releases spores at you.
The endoplasm freezes you.
You are frozen.
The sleepcap releases spores at you.
* * * LOW HITPOINT WARNING * * *
You are engulfed in a cloud of soporific spores!
You fall asleep.
You lose your grip on the sleepcap.
The endoplasm hits you.
You wake up.
* * * LOW HITPOINT WARNING * * *
The sleepcap closely misses you.
Unknown command.
It was a potion of degeneration.
There was something very wrong with that liquid.
You feel weakened.
You feel dopey.
You feel clumsy. The endoplasm freezes you.
You are frozen.
You die...

##### ###
##....# ..#
#.....)###.#
#$$#f@##.#
#$w.J..#
#$..'..####...
#$$#..##......#
......##..####.#
#....##...#
##### #.#.#
#.#.# #.#.# .#


You could see a sleepcap, a dart slug and an endoplasm.

Vanquished Creatures
  3 adders
  A worm (D:4)
  3 dart slugs
  3 orcs (D:4)
  6 endoplasms
  3 giant cockroaches (D:1)
  5 goblins
  3 hobgoblins
  2 quokkas
  7 ball pythons
  2 bats
  3 frilled lizards
  2 kobolds
  A rat (D:1)
44 creatures vanquished.

Notes
Turn   | Place    | Note
-------+----------+-------------------------------------------
     0 | D:1      | Kurtz the Octopode Fighter began the quest for the Orb.
     0 | D:1      | Reached XP level 1. HP: 16/16 MP: 1/1
   118 | D:1      | Found Saxoppo's Antique Weapon Emporium.
   124 | D:1      | Reached XP level 2. HP: 21/21 MP: 2/2
   224 | D:1      | Reached skill level 3 in Axes
   804 | D:2      | Reached XP level 3. HP: 24/26 MP: 3/3
   996 | D:2      | Found a faded altar of an unknown god.
  1308 | D:3      | Found a glowing golden altar of the Shining One.
  1382 | D:3      | Reached skill level 4 in Axes
  1465 | D:3      | Reached XP level 4. HP: 31/31 MP: 4/4
  1736 | D:4      | HP: 1/31 [endoplasm (6)]
  1737 | D:4      | Frozen to death by an endoplasm

Illustrated notes

Levels and vault maps discovered:
D:1:      shiori_shiawase, layout_basic, serial_shops, shop,
          hangedman_decor_growths, hangedman_decor_points,
          nicolae_concentric_dashed_squares_mild
D:2:      layout_rooms, shapermc_ecumenical_altar_mp_urbaneastern
D:3:      layout_rooms, lemuel_doored_altar
D:4:      minmay_polygon_palace, layout_basic, vehumet_altar_wand_db,
          mainiacjoe_overflow_24_doors, serial_shops, nicolae_diamond_shop,
          uniq_duvessa

Skill      XL: |  1  2  3 |
---------------+----------+-----
Axes           | 3 4 |  4.6
Fighting       | |  3.0
Dodging        | |  3.0
Shields        | |  3.0

Action                     |  1- 3 |  4- 6 || total
---------------------------+-------+-------++-------
  Melee: War axe           |    58 |    18 ||    76
         Tentacles         |    16 |     3 ||    19
         Constrict         |    16 |     4 ||    20
    Use: Potion            |       |     1 ||     1
   Stab: Sleeping          |     9 |       ||     9
 Armour: Skin              |    20 |     8 ||    28
  Dodge: Dodged            |    26 |     7 ||    33
  Block: Buckler           |     8 |     4 ||    12

Table legend: (Time is in decaauts)
 A = Elapsed time spent in this place.
 B = Non-inter-level travel time spent in this place.
 C = Inter-level travel time spent in this place.
 D = Time resting spent in this place.
 E = Time spent auto-exploring this place.
 F = Levels seen in this place.
 G = Mean time per level.
                   A        B        C        D        E       F      G
               +--------+--------+--------+--------+--------+-----+--------+
         Total |   1763 |   1699 |     64 |     30 |   1358 |   4 |  440.8 |
       Dungeon |   1763 |   1699 |     64 |     30 |   1358 |   4 |  440.8 |
               +--------+--------+--------+--------+--------+-----+--------+

Top non-repeatable levels by time:
     D:1: 717 daAuts
     D:2: 473 daAuts
     D:3: 433 daAuts
     D:4: 138 daAuts
